Map: Tokamak LE

Players

IntoTheRough - Winner!

  • Race: Protoss Protoss
  • Spawn Location: 1:00

A.I. 2 (Very Easy)

  • Race: Protoss Protoss
  • Spawn Location: 7:00

VOD

Have the link to the VOD?

Description

Time

  • Played on: Aug. 6, 2025, 10:52 a.m.
  • Length: 5:12
Show
View Real Time Build Order
Export as new Build Order

IntoTheRough Protoss - Winner!

Build Orders:  

Get SALT Encoding   

  12  0:00  Probe  
  13  0:12  Probe  
  14  0:17  Pylon  
  14  0:24  Probe  
  15  0:33  Probe  
  15  0:38  Gateway  
  15  0:41  Probe  
  16  0:47  Assimilator  
  17  0:51  Probe  
  17  0:57  Assimilator  
  18  1:00  Probe  
  19  1:08  Probe  
  20  1:19  Gateway, Probe  
  21  1:29  Cybernetics Core  
  21  1:31  Probe  
  22  1:37  Pylon  
  22  1:43  Probe  
  23  1:55  Probe  
  24  2:04  Stalker x2  
  24  2:06  Warp Gate  
  28  2:19  Pylon  
  28  2:31  Stalker  
  28  2:34  Stalker  
  32  2:40  Robotics Facility  
  32  2:50  Gateway  
  32  2:56  Pylon  
  32  2:59  Stalker  
  34  3:08  Stalker  
  36  3:16  Warp Prism  
  38  3:54  Stalker x3  
  44  3:59  Pylon  
  44  4:21  Stalker x2  
  44  4:23  Stalker  
  50  5:02  Stalker  
  50  5:03  Stalker  
  54  5:08  Pylon  
  54  5:09  Pylon  
Show
View Real Time Build Order
Export as new Build Order

A.I. 2 (Very Easy) Protoss 

Build Orders:  

Get SALT Encoding   

  12  0:00  Probe  
  13  0:13  Probe  
  14  0:20  Pylon  
  14  0:36  Assimilator  
  14  0:43  Gateway  
  14  0:46  Pylon  
  14  1:13  Assimilator  
  14  1:23  Probe  
  14  1:31  Probe  
  15  1:33  Zealot  
  15  1:34  Cybernetics Core  
  18  1:40  Probe  
  19  1:50  Probe  
  20  2:00  Warp Gate, Probe  
  20  2:08  Probe  
  22  2:36  Stalker  
  24  4:36  Stalker  
  24  4:39  Pylon  
  24  4:42  Probe  
  16  4:54  Probe  
  7  5:04  Zealot  
Tags
 
Matchup
PvP
Spawn Locations
Cross Positions
Add a new tag
Caveats
  • Supply blocks, unpowered buildings, or Contaminate may cause inaccurate times.
  • Supply counts are checked every 10 seconds.